 Dungeon Crawl Stone Soup version 0.27.0-1-g7a089689b8 (webtiles) character file.

Game seed: 1581456054027775938

4 Revguard the Ruffian (level 1, 0/19 HPs)
             Began as an Ogre Transmuter on Aug 9, 2021.
             Slain by an adder (4 damage)
             ... on level 2 of the Dungeon.
             The game lasted 00:00:38 (259 turns).

Revguard the Ruffian (Ogre Transmuter)               Turns: 259, Time: 00:00:39

Health: 0/19       AC:  3    Str: 13    XL:     1   Next: 60%
Magic:  4/4        EV:  9    Int: 14    God:
Gold:   11         SH:  0    Dex:  9    Spells: 4/5 levels left

rFire    . . .     SeeInvis .     - Unarmed
rCold    . . .     Faith    .   (no shield)
rNeg     . . .     Spirit   .   a - +0 robe
rPois    .         Reflect  .   (helmet restricted)
rElec    .         Harm     .   (no cloak)
rCorr    .         Rampage  .   (gloves unavailable)
Will     .....                  (boots unavailable)
Stlth    +.........             (no amulet)
HPRegen  0.06/turn              (no ring)
MPRegen  0.09/turn              (no ring)

@: no status effects
A: large, unfitting armour, tough skin 1
a: no special abilities


You were on level 2 of the Dungeon.
You visited 1 branch of the dungeon, and saw 2 of its levels.

You collected 11 gold pieces.

Inventory:

Armour
 a - a +0 robe (worn)
Scrolls
 b - a scroll of magic mapping {unknown}
 d - 2 scrolls of silence {unknown}
Potions
 c - a potion of degeneration {unknown}


   Skills:
 + Level 1.5 Fighting
 + Level 0.1 Armour
 + Level 1.8 Dodging
 + Level 2.7 Unarmed Combat
 + Level 2.5 Spellcasting
 + Level 1.8 Transmutations


You had 4 spell levels left.
You knew the following spells:

 Your Spells              Type           Power      Damage    Failure   Level
a - Beastly Appendage     Tmut           12%        N/A       11%         1

Your spell library contained the following spells:

 Spells                   Type           Power      Damage    Failure   Level
 Wereblood                Tmut           6%         N/A       16%         2
 Spider Form              Tmut/Pois      2%         N/A       43%         3
 Ice Form                 Ice/Tmut       4%         N/A       83%         4


Dungeon Overview and Level Annotations

Branches:
Dungeon (1/15)

Altars:

Shops:
D:1 (


Innate Abilities, Weirdness & Mutations

You are too large for most types of armour.
You have tough skin. (AC +1)


Message History

You grow a pair of large bovine horns.
Your feet morph into talons.
The ball python closely misses you.
Found a stone staircase leading up.
You barely miss the ball python. The ball python bites you.
You hit the ball python.
You kill the ball python!
You see here a ball python corpse.
A ball python comes into view.
The ball python hisses angrily.
The ball python moves out of view.
Your transformation is almost over.
You see here a ring of fire.
There is a stone staircase leading up here.
The ball python barely misses you. The ball python closely misses you.
The ball python bites you. The ball python closely misses you.
The ball python bites you. The ball python barely misses you.
The ball python bites you but does no damage.
Your horns disappear.
Your talons disappear.
The ball python barely misses you. The ball python bites you.
The ball python barely misses you.
The ball python bites you but does no damage.
The ball python bites you. The ball python bites you.
The ball python barely misses you. The ball python bites you. x2
The ball python closely misses you.
An adder comes into view.
The ball python barely misses you.
The ball python bites you but does no damage.
The ball python bites you but does no damage.
The ball python bites you.
* * * LOW HITPOINT WARNING * * *
The ball python barely misses you. The ball python bites you.
* * * LOW HITPOINT WARNING * * *
The ball python bites you but does no damage.
The adder bites you.
You die...

#.............##....
##..............#....
#....................
#....................
#....................
#....................
#....................
#.....S....†.....#
##...@=.........##
##...S.##.....#....
#####.#####....###
...# #..### ..#.#
..## ... .. ... ....
... ... ... ....


You could see an adder and a ball python.

Vanquished Creatures
  2 endoplasms (D:1)
  A ball python (D:2)
  A frilled lizard (D:1)
4 creatures vanquished.

Notes
Turn   | Place    | Note
-------+----------+-------------------------------------------
     0 | D:1      | Revguard the Ogre Transmuter began the quest for the Orb.
     0 | D:1      | Reached XP level 1. HP: 19/19 MP: 3/3
   197 | D:1      | Found Sycvuz's Antique Weapon Emporium.
   227 | D:1      | You fall into a shaft and drop 1 floor!
   259 | D:2      | Slain by an adder

Illustrated notes

Levels and vault maps discovered:
D:1:      psy_arrival_dodecagon, layout_loops_corners, serial_shops, shop,
          minmay_misc_feat_x, st_stairs_4
D:2:      layout_rooms, serial_shops, shop, minmay_pentomino_w4

Action                   || total
-------------------------++-------
Melee: Unarmed           ||     6
       Headbutt          ||     2
 Cast: Beastly Appendage ||     3
Armor: Robe              ||     6
Dodge: Dodged            ||    13
